Map: Eternal Empire LE

Players

zuka - Winner!

  • Race: Protoss Protoss
  • League: Master
  • Spawn Location: 1:00

MojoJojo

  • Race: Zerg Zerg
  • League: Master
  • Spawn Location: 7:00

VOD

Have the link to the VOD?

Description

Time

  • Played on: Aug. 5, 2020, 1:47 p.m.
  • Length: 2:59
Show
View Real Time Build Order
Export as new Build Order

zuka Protoss - Winner!

Build Orders:  

Get SALT Encoding   

  12  0:00  Probe  
  13  0:12  Probe  
  14  0:24  Probe  
  15  0:36  Pylon  
  15  0:54  Gateway  
  15  0:55  Gateway  
  15  0:57  Gateway  
  15  1:10  Gateway  
  15  1:18  Pylon  
  15  1:41  Zealot x2 (Chrono Boost)  
  21  1:51  Zealot (Chrono Boost)  
  21  1:58  Zealot (Chrono Boost)  
  21  1:59  Zealot x2 (Chrono Boost)  
  27  2:11  Zealot  
  29  2:24  Zealot  
  30  2:45  Pylon  
Show
View Real Time Build Order
Export as new Build Order

MojoJojo Zerg 

Build Orders: Hatch First 

Get SALT Encoding   

  12  0:00  Drone  
  13  0:12  Overlord  
  13  0:17  Drone  
  14  0:30  Drone x2  
  16  0:48  Hatchery  
  15  0:51  Drone  
  15  0:55  Drone  
  17  0:58  Drone  
  18  1:08  Extractor  
  17  1:14  Spawning Pool  
  17  1:17  Drone  
  17  1:20  Drone  
  18  1:28  Drone  
  19  1:39  Drone  
  20  1:49  Drone  
  21  2:00  Queen x2  
  25  2:01  Zergling x2  
  25  2:03  Overlord  
  26  2:11  Drone  
  26  2:12  Drone  
  28  2:26  Zergling x4  
Tags
 
Add a new tag
Caveats
  • Supply blocks, unpowered buildings, or Contaminate may cause inaccurate times.
  • Supply counts are checked every 10 seconds.